 Dungeon Crawl Stone Soup version 0.30-a0-964-gd452b5e7fa (webtiles) character file.

Game seed: 3385140613941324901

302 vishdafish the Conjurer (level 6, 41/41 HPs)
             Began as a Demonspawn Conjurer on Mar 30, 2023.
             Quit the game on level 4 of the Dungeon.
             The game lasted 00:03:08 (3795 turns).

vishdafish the Conjurer (Demonspawn Conjurer)       Turns: 3795, Time: 00:03:08

Health: 41/41      AC:  6    Str:  8    XL:     6   Next: 14%
Magic:  9/12       EV: 17    Int: 24    God:
Gold:   192        SH:  0    Dex: 11    Spells: 12/13 levels left

rFire   . . .      SeeInvis .    n - +8 mace of Calculation {flame, Int+3}
rCold   . . .      Faith    .    (no shield)
rNeg    . . .      Spirit   .    a - +0 robe
rPois   .          Reflect  .    (helmet restricted)
rElec   .          Rampage  .    g - +0 cloak
rCorr   .                        l - +0 pair of gloves
Will    .....                    (no boots)
Stlth   ++                       (no amulet)
HPRegen 0.26/turn                e - +5 ring of evasion
MPRegen 0.13/turn                (no ring)

@: no status effects
A: antennae 1, molten scales 1, powered by pain 1
a: no special abilities


You were on level 4 of the Dungeon.
You visited 1 branch of the dungeon, and saw 4 of its levels.

You collected 192 gold pieces.

Inventory:

Hand Weapons
 i - a +2 short sword of venom
 n - the +8 mace of Calculation (weapon) {flame, Int+3}
   (You found it on level 3 of the Dungeon)

   Int:       It affects your intelligence (+3).
Armour
 a - a +0 robe (worn)
 g - a +0 cloak (worn)
 l - a +0 pair of gloves (worn)
Magical Staves
 p - a staff of conjuration
Jewellery
 e - a +5 ring of evasion (left hand)
 r - an amulet of guardian spirit
Scrolls
 b - a scroll of silence {unknown}
 c - 2 scrolls of vulnerability {unknown}
 d - 5 scrolls of identify {unknown}
 h - a scroll of fear {unknown}
 m - a scroll of magic mapping {unknown}
 o - 2 scrolls of teleportation {unknown}
 q - a scroll of torment {unknown}
Potions
 f - a potion of heal wounds {unknown}
 j - a potion of haste {unknown}
 k - a potion of brilliance {unknown}
 s - a potion of mutation {unknown}


   Skills:
 - Level 1.7 Dodging
 - Level 1.7 Stealth
 + Level 4.4 Spellcasting
 + Level 6.0 Conjurations


You had 12 spell levels left.
You knew the following spells:

 Your Spells              Type           Power      Damage    Failure   Level
a - Magic Dart            Conj           100%       1d8       1%          1

Your spell library contained the following spells:

 Spells                   Type           Power      Damage    Failure   Level
 Searing Ray              Conj           68%        2d6       1%          2
 Kiss of Death            Conj/Necr      76%        2d11      2%          1
 Dazzling Flash           Conj/Hex       38%        N/A       9%          3
 Fulminant Prism          Conj/Hex       9%         3d7       26%         4
 Iskenderun's Mystic Bla  Conj/Tloc      19%        2d6       26%         4
 Confusing Touch          Hex            5%         N/A       28%         3
 Dispel Undead            Necr           5%         3d7       67%         4
 Petrify                  Tmut/Erth      5%         N/A       67%         4
 Metabolic Englaciation   Hex/Ice        2%         N/A       95%         5
 Statue Form              Tmut/Erth      3%         N/A       100%        6


Dungeon Overview and Level Annotations

Branches:
Dungeon (4/15)
 Temple: D:4-7

Altars:
Trog

Annotations:
D:2 1 runed translucent door, Crazy Yiuf


Innate Abilities, Weirdness & Mutations

You have a pair of small antennae on your head.
You are partially covered in molten scales. (AC +2)
You sometimes gain a little power by taking damage.


Message History

You destroy the phantom!
Your Spellcasting skill increases to level 4!
No target in view!
Magic restored.
HP restored.
As you open the door, it creaks loudly!
Found a book of Sloth and a brown potion.
There is an open door here.
You pick up a book of Sloth and begin reading...
You add the spells Petrify, Metabolic Englaciation and Statue Form to your library.
r - an amulet of guardian spirit
s - a brown potion An adder comes into view.
The adder hisses angrily.
A scorpion comes into view.
There are monsters nearby!
There are monsters nearby!
The magic dart hits the adder!
The adder is severely wounded.
The magic dart hits the adder.
You kill the adder!
The magic dart hits the scorpion but does no damage.
The magic dart hits the scorpion but does no damage.
The magic dart hits the scorpion but does no damage.
You thump the scorpion! You burn the scorpion.
The scorpion is heavily wounded.
The scorpion completely misses you.
The scorpion stings you but does no damage.
You hit the scorpion but do no damage.
The scorpion is heavily wounded.
The scorpion closely misses you.
The scorpion stings you but does no damage.
You sock the scorpion! You burn the scorpion.
You kill the scorpion!
Your Conjurations skill increases to level 6!
You have reached level 6!
Your demonic ancestry asserts itself...
You feel energised by your suffering.
An endoplasm comes into view.
Are you sure you want to abandon this character and quit the game? (Confirm with "yes".)

#.... #.... #.... ##....
###.... #....# #......
#....+ #...... #....#
#......
#....##+#######......
#.!.@................
###....................
......................##
..............J...#####[
............#'#####.....
............#.....'..##.
+####+####+##....##..##.
#....######.
#......ยง..#.


You could see an endoplasm (wandering).

Vanquished Creatures
  A phantom (D:4)
  A scorpion (D:4)
  An iguana (D:4)
  5 adders
  3 gnolls (D:2)
  A worm (D:3)
  2 dart slugs
  8 endoplasms
  4 giant cockroaches
  5 goblins
  8 hobgoblins
  2 jackals (D:1)
  2 quokkas
  2 ball pythons
  5 bats
  5 frilled lizards
  5 kobolds
  7 rats
67 creatures vanquished.

Notes
Turn   | Place    | Note
-------+----------+-------------------------------------------
     0 | D:1      | vishdafish the Demonspawn Conjurer began the quest for the
                  | Orb.
     0 | D:1      | Reached XP level 1. HP: 13/13 MP: 3/3
   322 | D:1      | Gained mutation: You are partially covered in molten
                  | scales. (AC +2) [demonic ancestry]
   322 | D:1      | Reached XP level 2. HP: 10/19 MP: 3/5
  1006 | D:1      | Reached XP level 3. HP: 24/24 MP: 1/7
  1962 | D:2      | Gained mutation: You have a pair of small antennae on your
                  | head. [demonic ancestry]
  1962 | D:2      | Reached XP level 4. HP: 30/30 MP: 8/8
  2171 | D:2      | Found a faded altar of an unknown god.
  2229 | D:2      | Reached skill level 5 in Conjurations
  2561 | D:2      | Identified the +1 hammer of Conservatism {heavy, Str+4}
  2566 | D:2      | Found a runed translucent door.
  2567 | D:2      | Noticed Crazy Yiuf
  2916 | D:3      | Identified the +8 mace of Calculation {flame, Int+3}
  3210 | D:3      | Found a faded altar of an unknown god.
  3534 | D:3      | Found a bloodstained altar of Trog.
  3683 | D:4      | Reached XP level 5. HP: 35/35 MP: 10/10
  3724 | D:4      | Noticed a phantom
  3730 | D:4      | Killed a phantom
  3774 | D:4      | Reached skill level 6 in Conjurations
  3774 | D:4      | Gained mutation: You sometimes gain a little power by
                  | taking damage. [demonic ancestry]
  3774 | D:4      | Reached XP level 6. HP: 41/41 MP: 7/12
  3795 | D:4      | Quit the game

Illustrated notes

Levels and vault maps discovered:
D:1:      kilobyte_arrival_exit_the_forest, layout_basic, serial_forest,
          infiniplex_forest_lined_3, infiniplex_forest_clump_double,
          infiniplex_forest_straight_4, infiniplex_forest_clump_tiny,
          infiniplex_forest_lined_3, infiniplex_forest_clump_tiny,
          infiniplex_forest_3_way, infiniplex_forest_straight_2,
          infiniplex_forest_fountain
D:2:      layout_basic, shapermc_ecumenical_altar_hornbeckon,
          uniq_crazy_yiuf_cottage
D:3:      layout_loops_corners, nicolae_overflow_ecumenical_swirl
D:4:      layout_gridville, temple_statues, uniq_sigmund

Skill      XL: |  1  2  3  4  5 |
---------------+----------------+-----
Spellcasting   | 3 4 |  4.4
Conjurations   | 5 6 |  6.0
Dodging        | |  1.7
Stealth        | |  1.7

Action                     |  1- 3 |  4- 6 || total
---------------------------+-------+-------++-------
  Melee: Unarmed           |    64 |       ||    64
         Short sword       |    16 |    25 ||    41
         Mace              |       |    23 ||    23
         Punch             |       |     1 ||     1
   Cast: Magic Dart        |    61 |    31 ||    92
    Use: Potion            |     1 |       ||     1
   Stab: Sleeping          |       |     2 ||     2
 Armour: Robe              |    21 |    12 ||    33
  Dodge: Dodged            |    75 |    24 ||    99

Table legend: (Time is in decaauts)
 A = Elapsed time spent in this place.
 B = Non-inter-level travel time spent in this place.
 C = Inter-level travel time spent in this place.
 D = Time resting spent in this place.
 E = Time spent auto-exploring this place.
 F = Levels seen in this place.
 G = Mean time per level.
                   A        B        C        D        E       F      G
               +--------+--------+--------+--------+--------+-----+--------+
         Total |   3812 |   3499 |    313 |     39 |   3038 |   4 |  953.0 |
       Dungeon |   3812 |   3499 |    313 |     39 |   3038 |   4 |  953.0 |
               +--------+--------+--------+--------+--------+-----+--------+

Top non-repeatable levels by time:
     D:1: 1785 daAuts
     D:2: 951 daAuts
     D:3: 942 daAuts
     D:4: 134 daAuts
